woodfighter, lawful female dwarven Priestess ------------ |..........| --- |..------..| .. |..| |..| .. |..------..f# .. |..........|@ . ------------#q# . ## #### ### # # ### ###### - -- ### ---.-- ## ....| ### |..<.| # | ## # |.....## ##-....| |....| ------ woodfighter the Acolyte Experience level: 4 Strength: 13 Dexterity: 15 Constitution: 15 Intelligence: 17 Wisdom: 11 Charisma: 7 Health: 0(35) Energy: 27(27) Def: 3 Gold: 539 Moves: 2351 Dungeon seed: LAXMKCu5WixxvYz1 Game ID: woodfighter_1552775748 Your Inventory: Coins $ - 539 gold pieces Weapons a - a blessed +1 mace (weapon in hand) Armor e - a blessed +0 robe (being worn) n - a +0 small shield (being worn) Comestibles c - a clove of garlic d - 2 sprigs of wolfsbane m - 2 food rations r - 2 tripe rations Scrolls j - a cursed scroll of confuse monster k - 3 scrolls of identify l - a scroll of confuse monster p - a cursed scroll of water s - 2 scrolls of scare monster Spellbooks g - a spellbook of healing h - a spellbook of detect monsters i - a spellbook of light Potions b - 4 potions of holy water u - a cursed potion of see invisible v - a potion of monster detection Wands f - a wand of cancellation (0:1) Tools y - a skeleton key Gems q - a chrysoberyl Spells and supernatural/magical abilities: Name Level Category Fail Memory h - healing 1 healing 0% 89% l - light 1 divination 0% 89% n - detect monsters 1 divination 0% 89% W - pray for help -- divine ? -- X - turn undead -- divine ? -- Your skills at the end: Miscellaneous Skills shield [Basic] wands [Basic] Weapon Skills pick-axe [Basic] mace [Basic] Spellcasting Skills clerical spells [Basic] Final Attributes: You were fervently aligned. You had infravision. You were stealthy. You are dead. Vanquished creatures: a fog cloud an iguana 2 rothes a jitterbug a hobbit a large kobold a gecko a yellow mold a gnome zombie 9 jackals a fox a kobold 5 newts 2 goblins a sewer rat 7 grid bugs 4 lichens a kobold zombie 41 creatures vanquished. Voluntary challenges: You did not adorn yourself with jewelry or accessories. You did not cause conflict. You were not invisible. You did not have reflection. You were not displaced. You were an atheist. You used a wielded weapon 45 times, starting on turn 17. You did not apply a unicorn horn. You did not use plumbed fixtures. You did not drink any magical draughts. You read items or engraved 1 time, starting on turn 1028. You never genocided any monsters. You never polymorphed an object. You never changed form. You used no wishes. You never split a pudding. You never wrote Elbereth's name. You never violated your personal moral code. Dungeon overview: The Dungeons of Doom: levels 1 to 5 Level 1 (vault) a fountain a long staircase Level 2 an altar to Poseidon, a fountain, a sink Level 3 an altar to Athena, a fountain stairs to The Gnomish Mines Level 4 Level 5 <- You were here The Gnomish Mines: Level 4 stairs to The Dungeons of Doom History has recorded: On T:1 you entered the Dungeons of Doom to retrieve the Amulet of Yendor! On T:215 you reached level 2 of The Dungeons of Doom. On T:560 you reached level 3 of The Dungeons of Doom. On T:603 you advanced to experience level 2. On T:947 you reached level 1 of The Gnomish Mines. On T:1078 you reached level 4 of The Dungeons of Doom. On T:1148 you advanced to experience level 3. On T:1872 you reached level 5 of The Dungeons of Doom. On T:2250 you advanced to experience level 4. Score breakdown: Gold: 539 ( 53 points) Experience: 4 levels ( 300 points) Exploration: 5 levels ( 120 points) Discoveries: 8 items ( 400 points) Variety of kills: 18 monsters ( 900 points) Major goal: (nothing yet) ( 0 points) Survival: died (score multiplied by 3) Total score: 5319 Latest messages: You destroy the fog cloud! $ - 25 gold pieces. You displace kitty. You stop exploring. You kill the rothe! There is an open door here. You see here a rothe corpse. This rothe corpse tastes terrible! You feel strong! You must have been exercising. You finish eating the rothe corpse. You displace kitty. You stop. Kitty is in the way! The door opens. You stop exploring. The rothe claws you! The rothe bites! (2x) You hit the rothe. The rothe claws you! The rothe bites! (2x) You hit the rothe. You kill the rothe! You see here a rothe corpse. The rothe claws you! The rothe bites! (2x) You die... Final status: Goodbye woodfighter the Priestess, killed by a rothe... You died in The Dungeons of Doom on dungeon level 5 with 5319 points, and 539 pieces of gold, after 2351 moves. You were level 4 with a maximum of 35 hit points when you died.